 Dungeon Crawl Stone Soup version 0.30.1-11-g7821555f0a (webtiles) character file.

Game seed: 16994054627105350984

9 BiteMe the Firebug (level 2, 19/19 HPs)
             Began as a Demonspawn Fire Elementalist on Dec 30, 2023.
             Got out of the dungeon alive.
             The game lasted 00:02:58 (472 turns).

BiteMe the Firebug (Demonspawn Fire Elementalist)    Turns: 472, Time: 00:02:58

Health: 19/19      AC:  2    Str:  8    XL:     2   Next: 3%
Magic:  5/5        EV: 12    Int: 16    God:
Gold:   36         SH:  0    Dex: 13    Spells: 4/5 levels left

rFire   . . .        c - +0 club
rCold   . . .        (no shield)
rNeg    . . .        a - +0 robe
rPois   .            (no helmet)
rElec   .            (no cloak)
rCorr   .            (no gloves)
SInv    .            (no boots)
Will    .....        (no amulet)
Stlth   ++           (no ring)
HPRegen 0.23/turn    (no ring)
MPRegen 0.09/turn

%: no passive effects
@: no status effects
A: claws 1
a: no special abilities


You escaped.
You visited 1 branch of the dungeon, and saw 2 of its levels.

You collected 36 gold pieces.

Inventory:

Hand Weapons
 c - a +0 club (weapon)
 d - a +0 dagger
Armour
 a - a +0 robe (worn)
Potions
 b - a potion of magic
 e - a potion of resistance {unknown}


   Skills:
 - Level 1.7 Dodging
 - Level 1.7 Stealth
 + Level 2.1 Spellcasting
 * Level 1.3 Conjurations
 + Level 3.0 Fire Magic


You had 4 spell levels left.
You knew the following spells:

 Your Spells              Type           Power      Damage    Failure   Level
a - Foxfire               Conj/Fire      32%        2x1d5     9%          1

Your spell library contained the following spells:

 Spells                   Type           Power      Damage    Failure   Level
 Scorch                   Fire           22%        2d6       9%          2
 Inner Flame              Hex/Fire       6%         N/A       32%         3
 Volatile Blastmotes      Fire/Tloc      12%        2d11      32%         3
 Flame Wave               Conj/Fire      8%         2d5       63%         4


Dungeon Overview and Level Annotations

Branches:
Dungeon (2/15)

Altars:


Innate Abilities, Weirdness & Mutations

You have sharp fingernails.


Message History

The goblin is severely wounded.
The goblin shouts!
Casting: Foxfire (safe; 9% risk of failure)
Press: ? - help, Q - select action Dir - look around, f - activate You conjure some foxfire!
Your foxfire dissipates!
The foxfire hits the goblin.
You kill the goblin!
Your Fire Magic skill increases to level 3!
Your foxfire dissipates!
You start resting.
Magic restored.
You start waiting.
Done waiting.
Found 3 stones.
Found an escape hatch in the ceiling.
A goblin comes into view. It is wielding a +0 dagger.
The goblin shouts!
Casting: Foxfire (safe; 9% risk of failure)
Press: ? - help, Q - select action Dir - look around, f - activate You conjure some foxfire!
The goblin unwields a +0 dagger.
The goblin wields a +0 sling.
The goblin shoots a sling bullet.
The sling bullet hits you.
The foxfire hits the goblin.
You kill the goblin!
You have reached level 2!
Your demonic ancestry asserts itself...
Your fingernails lengthen.
Your foxfire dissipates!
HP restored.
There is a stone staircase leading up here.
You climb upwards.
There is a stone staircase leading down here.
Found a pair of boots.
Magic restored.
You open the door.
There is an open door here.
There is an open door here.
There is a staircase leading out of the dungeon here.
Are you sure you want to leave the Dungeon?
This will make you lose the game!
You have escaped!

#####............#.....#
###.##########.....# #.#
#.....# #.# #.....# #.#
#....[# #.# #.....# #.#
#♣#♣####.## #.# ##.♣.## #.#
#.# #P#@#P# #.# ### #.#
####P.P## #.# ..# #.#
..#P♣.♣P###'#### #+##.# #.#
#.#♣...♣#......# .....#
#.#...#.....#......#
.....###.#.#.#.~8~.#......#
.............#.~~~.#......#
#.##.....###.#.~#~.#......#
#.##.###.....#'###'#......#


There were no monsters in sight!

Vanquished Creatures
  A giant cockroach (D:1)
  4 goblins
  2 bats (D:1)
  A frilled lizard (D:2)
8 creatures vanquished.

Vanquished Creatures (others)
  18 foxfires
18 creatures vanquished.

Grand Total: 26 creatures vanquished

Notes
Turn   | Place    | Note
-------+----------+-------------------------------------------
     0 | D:1      | BiteMe the Demonspawn Fire Elementalist began the quest for
                  | the Orb.
     0 | D:1      | Reached XP level 1. HP: 13/13 MP: 3/3
   295 | D:2      | Reached skill level 3 in Fire Magic
   430 | D:2      | Gained mutation: You have sharp fingernails. [demonic
                  | ancestry]
   430 | D:2      | Reached XP level 2. HP: 18/19 MP: 3/5
   472 | D:$      | Got out of the dungeon alive.

Illustrated notes

Levels and vault maps discovered:
D:1:      tarquinn_simple_flora_water_d, layout_basic, minmay_octomino_j4
D:2:      layout_basic, serial_co_window_serial, co_window_corner_a,
          co_window_paths_a, co_window_corner_a, co_window_paths_a,
          co_window_paths_a, co_window_unsneaky_path_a, co_window_cross_2,
          co_window_unsneaky_path_b, co_window_unsneaky_path_d,
          co_window_corner_b, co_window_4corner_a, glass_columns_a,
          glass_columns_a, minmay_rat_gold_closets

Skill      XL: |  1 |
---------------+----+-----
Fire Magic     | 3 |  3.0
Dodging        | |  1.7
Stealth        | |  1.7
Spellcasting   | |  2.1
Conjurations   | |  1.3

Action                     || total
---------------------------++-------
  Melee: Club              ||     2
   Cast: Foxfire           ||    11
 Armour: Robe              ||     2
  Dodge: Dodged            ||     1
